 Dungeon Crawl Stone Soup version 0.28-a0-697-g47f3eba078 (webtiles) character file.

Game seed: 7565263495416234347

65 MacCMillion the Magician (level 4, 0/33 HPs)
             Began as a Djinni Fire Elementalist on Oct 23, 2021.
             Slain by an ice beast (18 damage)
             ... on level 3 of the Dungeon.
             The game lasted 00:03:46 (1846 turns).

MacCMillion the Magician (Djinni Fire Elementalist) Turns: 1846, Time: 00:03:47

Health: 0/33       AC:  2    Str: 14    XL:     4   Next: 34%
Gold:   48         EV: 12    Int: 16    God:
                   SH:  0    Dex: 14

rFire   + + .      SeeInvis .   (no weapon)
rCold   x . .      Faith    .   (no shield)
rNeg    . . .      Spirit   .   a - +0 robe
rPois   ∞          Reflect  .   (no helmet)
rElec   .          Harm     .   (no cloak)
rCorr   .          Rampage  .   (no gloves)
Will    .....                   (boots unavailable)
Stlth   ++........              (no amulet)
HPRegen 0.11/turn               b - +6 ring of strength
MPRegen 0.00/turn               d - +4 ring of slaying

@: flying
A: sickness immunity, fire resistance 2, cold vulnerability 1, float, innate
caster, hp casting, extra vitality 1
a: no special abilities


You were on level 3 of the Dungeon.
You visited 1 branch of the dungeon, and saw 3 of its levels.

You collected 48 gold pieces.

Inventory:

Armour
 a - a +0 robe (worn)
Jewellery
 b - a +6 ring of strength (left hand)
 d - a +4 ring of slaying (right hand)
Scrolls
 c - 3 scrolls of enchant armour {unknown}
 e - 2 scrolls of teleportation {unknown}
 f - a scroll of magic mapping {unknown}


   Skills:
 + Level 1.8 Fighting
 - Level 2.1 Dodging
 - Level 1.5 Stealth
 * Level 3.4 Spellcasting


You couldn't memorise any spells.
You knew the following spells:

 Your Spells              Type           Power      Damage    Failure   Level
a - Foxfire               Conj/Fire      52%        2x1d6     4%          1
b - Scorch                Fire           26%        2d6       7%          2
c - Conjure Flame         Conj/Fire      13%        6-21      13%         3
d - Inner Flame           Hex/Fire       13%        N/A       13%         3
e - Flame Wave            Conj/Fire      13%        3d5       41%         4
f - Animate Skeleton      Necr           26%        N/A       4%          1
Your spell library was empty.

Dungeon Overview and Level Annotations

Branches:
Dungeon (3/15)

Altars:
Ru


Innate Abilities, Weirdness & Mutations

You are immune to sickness and miasma.
You are immune to poison.
Your flesh is very heat resistant. (rF++)
You are vulnerable to cold. (rC-)
You float through the air rather than walking.
You learn spells naturally, not from books.
Your magical power is your life essence.
You have superior vitality. (+4 HP)


Message History

Natasha growls in agony!
You have reached level 4!
You feel agile.
You conjure some foxfire!
You conjure some foxfire!
The foxfire hits the ice beast but does no damage.
The foxfire hits the ice beast.
The ice beast melts!
The ice beast is lightly wounded.
You conjure some foxfire!
The foxfire hits the ice beast but does no damage.
The ice beast is lightly wounded.
The foxfire hits the ice beast.
The ice beast is lightly wounded.
You conjure some foxfire!
The foxfire hits the ice beast.
The ice beast is lightly wounded.
Casting: Foxfire (safe; 4% risk of failure)
Confirm with . or Enter, or press ? or * to list all spells.
Flames lash the ice beast.
The ice beast melts!
The ice beast is moderately wounded.
The ice beast's fire resistance burns away.
You hear an angry hiss.
The foxfire hits the ice beast but does no damage.
The ice beast is moderately wounded.
The foxfire hits the ice beast but does no damage.
The ice beast is moderately wounded.
The foxfire hits the ice beast.
The ice beast melts!
The ice beast is heavily wounded.
You conjure some foxfire!
The ice beast misses you.
Your magical contamination has completely faded away.
The foxfire hits the ice beast but does no damage.
The ice beast is heavily wounded.
The foxfire hits the ice beast.
The ice beast is heavily wounded.
Things that are here:
a +0 dagger; 2 stones; a kobold corpse The ice beast is no longer more vulnerable to fire.
You conjure some foxfire!
The ice beast hits you. The ice beast freezes you!!
You feel a terrible chill!
Ouch! That really hurt!
You die...

##### #<..####
########.$..#
......v@Y...#
.....†..v...+
............#
........(......
................
.##.............#
....#...[.......
....#.....#+##..


You could see an ice beast (ally target).

Vanquished Creatures
  Natasha (D:3)
  2 worms (D:2)
  A dart slug (D:1)
  3 bats
  3 endoplasms
  2 goblins (D:1)
  3 hobgoblins
  2 jackals (D:1)
  5 quokkas
  3 frilled lizards
  3 kobolds
  A rat (D:1)
29 creatures vanquished.

Vanquished Creatures (others)
  98 foxfires
98 creatures vanquished.

Grand Total: 127 creatures vanquished

Notes
Turn   | Place    | Note
-------+----------+-------------------------------------------
     0 | D:1      | MacCMillion the Djinni Fire Elementalist began the quest
                  | for the Orb.
     0 | D:1      | Reached XP level 1. HP: 15/15 MP: 0/0
   440 | D:1      | Reached XP level 2. HP: 18/22 MP: 0/0
   662 | D:1      | Reached skill level 1 in Fighting
   784 | D:1      | You are sucked into a shaft and drop 1 floor!
   979 | D:1      | Reached skill level 3 in Spellcasting
   979 | D:1      | Reached XP level 3. HP: 16/27 MP: 0/0
   979 | D:1      | Learned a level 1 spell: Animate Skeleton
  1551 | D:2      | Found a sacrificial altar of Ru.
  1834 | D:3      | Noticed Natasha
  1835 | D:3      | Noticed an ice beast
  1837 | D:3      | Killed Natasha
  1838 | D:3      | Reached XP level 4. HP: 26/33 MP: 0/0
  1846 | D:3      | Slain by an ice beast

Illustrated notes

Levels and vault maps discovered:
D:1:      minmay_arrival_stone_box, layout_basic
D:2:      layout_basic, basic_altar
D:3:      layout_basic, amcnicky_mini_pool_small, moated_statue,
          minmay_distorted, uniq_natasha, uniq_jessica, uniq_grinder

Skill      XL: |  1  2 |
---------------+-------+-----
Fighting       | 1 |  1.8
Spellcasting   | 3 |  3.4
Dodging        | |  2.1
Stealth        | |  1.5

Action                   |  1- 3 |  4- 6 || total
-------------------------+-------+-------++-------
Melee: Unarmed           |     2 |       ||     2
 Cast: Foxfire           |    53 |     6 ||    59
       Scorch            |     4 |     1 ||     5
 Stab: Sleeping          |     1 |       ||     1
Armor: Robe              |     3 |       ||     3
Dodge: Dodged            |    19 |     1 ||    20

Table legend: (Time is in decaauts)
 A = Elapsed time spent in this place.
 B = Non-inter-level travel time spent in this place.
 C = Inter-level travel time spent in this place.
 D = Time resting spent in this place.
 E = Time spent auto-exploring this place.
 F = Levels seen in this place.
 G = Mean time per level.
                   A        B        C        D        E       F      G
               +--------+--------+--------+--------+--------+-----+--------+
         Total |   1845 |   1812 |     33 |     72 |   1474 |   3 |  615.0 |
       Dungeon |   1845 |   1812 |     33 |     72 |   1474 |   3 |  615.0 |
               +--------+--------+--------+--------+--------+-----+--------+

Top non-repeatable levels by time:
     D:1: 1165 daAuts
     D:2: 663 daAuts
     D:3: 16 daAuts
